[ PARTIDA AOE2 · #462564119 ]
UnrankedBirmanos vs Bohemians
[ ANÁLISIS DE REPETICIÓN · EXTRAÍDO DE LA PARTIDA GRABADA ]
Feudal
9:16
Castillos
22:40
Imperial
—
| APM promedio | 59.5 |
| APM pico | 107 |
| eAPM promedio | 28.4 |
| Aldeanos / militares | 96 / 61 |
Foco
⚔️ 23.9% · 🌾 76.1%
Knight ×42 · Scout Cavalry ×18 · Spearman ×1
Feudal
9:32
Castillos
25:12
Imperial
—
| APM promedio | 37.0 |
| APM pico | 93 |
| eAPM promedio | 13.5 |
| Aldeanos / militares | 82 / 80 |
Foco
⚔️ 29.6% · 🌾 70.4%
Archer ×57 · Scout Cavalry ×16 · Skirmisher ×5 · Spearman ×2
Feudal
9:22
Castillos
22:17
Imperial
36:40
| APM promedio | 61.3 |
| APM pico | 110 |
| eAPM promedio | 27.8 |
| Aldeanos / militares | 90 / 94 |
Foco
⚔️ 36.3% · 🌾 63.7%
Knight ×63 · Skirmisher ×13 · Militia ×6 · Spearman ×6 · Cavalry Archer ×3 · Monk ×2
Feudal
9:20
Castillos
21:24
Imperial
—
| APM promedio | 62.9 |
| APM pico | 109 |
| eAPM promedio | 29.0 |
| Aldeanos / militares | 99 / 64 |
Foco
⚔️ 44.1% · 🌾 55.9%
Archer ×55 · Mangonel ×5 · Spearman ×2 · Monk ×1 · Scorpion ×1
Feudal
8:25
Castillos
24:05
Imperial
—
| APM promedio | 69.4 |
| APM pico | 111 |
| eAPM promedio | 30.1 |
| Aldeanos / militares | 113 / 52 |
Foco
⚔️ 46.2% · 🌾 53.8%
Skirmisher ×31 · Knight ×14 · Scout Cavalry ×4 · Spearman ×2 · Kipchak ×1
Feudal
9:10
Castillos
24:45
Imperial
—
| APM promedio | 42.2 |
| APM pico | 90 |
| eAPM promedio | 16.4 |
| Aldeanos / militares | 98 / 73 |
Foco
⚔️ 29.3% · 🌾 70.7%
Archer ×70 · Spearman ×2 · Mangonel ×1
Mapa de la partida
Recursos iniciales + cada clic de construcción. Líneas = muros · curvas = relieve. ◆ oro · ⬟ piedra · ● bayas · ✦ reliquia · ◌ hueco del cierre
Tu base· Abierta — hueco de 2t
Base de BSV | Ateo con Fé· Abierta — flanco sin cerrar
Base de RankS· Abierta — hueco de 5t
Base de [KT]CondorAndino· Abierta — hueco de 1t
Base de RD | Frostwhispers· ✓ Cerrada en 24:05 · 37t muro · 2 puerta(s)
Base de BSC | Tortuga· ✓ Cerrada en 24:45 · 50t muro · 1 puerta(s)
Terreno inicial suavizado · ◌ = hueco del cierre detectado · pasá el cursor para detalles
Inputs por minuto
— TROYITA - - BSV | Ateo con Fé
Build order — TROYITA
Primeras 150 de 277 acciones detectadas
| 0:01 | Crear | Villager (Male) |
| 0:02 | Construir | House |
| 0:04 | Construir | House |
| 0:08 | Crear | Villager (Male) |
| 0:08 | Crear | Villager (Male) |
| 0:09 | Crear | Villager (Male) |
| 1:31 | Crear | Villager (Male) |
| 2:05 | Crear | Villager (Male) |
| 2:20 | Construir | Lumber Camp |
| 2:30 | Crear | Villager (Male) |
| 2:36 | Crear | Villager (Male) |
| 2:55 | Construir | House |
| 3:19 | Crear | Villager (Male) |
| 3:20 | Crear | Villager (Male) |
| 3:49 | Crear | Villager (Male) |
| 4:05 | Crear | Villager (Male) |
| 4:07 | Construir | House |
| 4:43 | Construir | House |
| 4:59 | Crear | Villager (Male) |
| 5:00 | Crear | Villager (Male) |
| 5:01 | Crear | Villager (Male) |
| 5:07 | Crear | Villager (Male) |
| 5:12 | Construir | Palisade Wall |
| 5:40 | Construir | Mill |
| 6:38 | Crear | Villager (Male) |
| 7:05 | Investigar | Feudal Age |
| 8:28 | Construir | Barracks |
| 8:45 | Investigar | Loom |
| 8:55 | Construir | House |
| 8:58 | Construir | Palisade Wall |
| 9:16 | Edad | Edad Feudal |
| 9:21 | Construir | Stable |
| 9:22 | Crear | Villager (Male) |
| 9:36 | Crear | Villager (Male) |
| 9:56 | Investigar | Horse Collar |
| 10:03 | Crear | Scout Cavalry |
| 10:04 | Crear | Scout Cavalry |
| 10:05 | Crear | Villager (Male) |
| 10:07 | Construir | House |
| 10:10 | Crear | Villager (Male) |
| 10:27 | Crear | Scout Cavalry |
| 10:30 | Crear | Scout Cavalry |
| 10:37 | Construir | Lumber Camp |
| 10:52 | Crear | Villager (Male) |
| 10:56 | Construir | House |
| 10:57 | Construir | Palisade Wall |
| 11:21 | Construir | Farm |
| 11:22 | Construir | Farm |
| 11:29 | Construir | Palisade Wall |
| 11:32 | Construir | Palisade Wall |
| 11:33 | Crear | Spearman |
| 11:34 | Crear | Villager (Male) |
| 11:46 | Crear | Scout Cavalry |
| 11:49 | Construir | Farm |
| 11:55 | Construir | House |
| 11:56 | Construir | House |
| 12:05 | Crear | Villager (Male) |
| 12:15 | Construir | Farm |
| 12:22 | Construir | Farm |
| 12:23 | Crear | Villager (Male) |
| 12:37 | Construir | Palisade Wall |
| 12:40 | Construir | Palisade Wall |
| 12:49 | Crear | Villager (Male) |
| 13:01 | Crear | Villager (Male) |
| 13:11 | Crear | Villager (Male) |
| 13:13 | Construir | Farm |
| 13:15 | Construir | Farm |
| 13:22 | Construir | House |
| 13:32 | Construir | Farm |
| 13:33 | Crear | Villager (Male) |
| 13:53 | Crear | Scout Cavalry |
| 14:02 | Construir | House |
| 14:05 | Construir | Palisade Wall |
| 14:12 | Crear | Villager (Male) |
| 14:15 | Construir | Farm |
| 14:16 | Crear | Villager (Male) |
| 14:30 | Construir | Farm |
| 14:31 | Construir | Farm |
| 14:33 | Crear | Scout Cavalry |
| 14:41 | Crear | Villager (Male) |
| 14:45 | Construir | Mining Camp |
| 14:57 | Crear | Villager (Male) |
| 15:07 | Construir | Farm |
| 15:07 | Crear | Villager (Male) |
| 15:11 | Construir | House |
| 15:12 | Construir | Palisade Wall |
| 15:38 | Construir | Farm |
| 15:40 | Crear | Scout Cavalry |
| 15:43 | Crear | Scout Cavalry |
| 15:43 | Crear | Scout Cavalry |
| 16:04 | Crear | Villager (Male) |
| 16:06 | Construir | Farm |
| 16:13 | Construir | Mining Camp |
| 16:23 | Construir | Blacksmith |
| 16:26 | Construir | Mining Camp |
| 16:38 | Crear | Villager (Male) |
| 16:42 | Crear | Villager (Male) |
| 17:15 | Crear | Villager (Male) |
| 17:20 | Construir | Farm |
| 17:47 | Crear | Villager (Male) |
| 17:51 | Construir | Farm |
| 18:01 | Crear | Scout Cavalry |
| 18:02 | Crear | Scout Cavalry |
| 18:05 | Construir | Farm |
| 18:07 | Crear | Villager (Male) |
| 18:25 | Crear | Villager (Male) |
| 18:32 | Construir | Farm |
| 18:43 | Construir | Farm |
| 18:53 | Construir | Market |
| 18:55 | Construir | Palisade Wall |
| 19:10 | Crear | Villager (Male) |
| 19:27 | Crear | Villager (Male) |
| 19:59 | Investigar | Castle Age |
| 20:22 | Investigar | Scale Barding Armor |
| 20:33 | Investigar | Gold Mining |
| 21:20 | Construir | Farm |
| 21:27 | Construir | Stable |
| 21:37 | Investigar | Stone Mining |
| 22:00 | Investigar | Bloodlines |
| 22:02 | Investigar | Forging |
| 22:31 | Crear | Villager (Male) |
| 22:33 | Crear | Villager (Male) |
| 22:40 | Edad | Edad de los Castillos |
| 22:43 | Investigar | Husbandry |
| 22:44 | Crear | Knight |
| 22:57 | Construir | Town Center |
| 22:58 | Crear | Villager (Male) |
| 23:03 | Crear | Villager (Male) |
| 23:10 | Crear | Knight |
| 23:21 | Construir | Town Center |
| 23:25 | Crear | Villager (Male) |
| 23:33 | Crear | Knight |
| 23:44 | Construir | Farm |
| 23:47 | Crear | Villager (Male) |
| 23:55 | Construir | Farm |
| 24:00 | Construir | Farm |
| 24:00 | Crear | Villager (Male) |
| 24:10 | Crear | Knight |
| 24:13 | Crear | Knight |
| 24:33 | Crear | Knight |
| 24:41 | Crear | Knight |
| 24:45 | Crear | Scout Cavalry |
| 24:45 | Crear | Villager (Male) |
| 24:50 | Crear | Knight |
| 25:03 | Crear | Knight |
| 25:04 | Crear | Scout Cavalry |
| 25:09 | Crear | Villager (Male) |
| 25:10 | Crear | Villager (Male) |
| 25:18 | Construir | Farm |
| 25:21 | Crear | Knight |
Build order — BSV | Ateo con Fé
Primeras 150 de 241 acciones detectadas
| 0:05 | Crear | Villager (Male) |
| 0:06 | Crear | Villager (Male) |
| 0:06 | Crear | Villager (Male) |
| 0:08 | Construir | House |
| 0:09 | Construir | House |
| 0:43 | Crear | Villager (Male) |
| 0:43 | Crear | Villager (Male) |
| 1:37 | Crear | Villager (Male) |
| 1:37 | Crear | Villager (Male) |
| 2:11 | Crear | Villager (Male) |
| 2:12 | Crear | Villager (Male) |
| 2:16 | Construir | Lumber Camp |
| 2:20 | Crear | Villager (Male) |
| 2:20 | Crear | Villager (Male) |
| 2:51 | Crear | Villager (Male) |
| 2:51 | Crear | Villager (Male) |
| 2:51 | Crear | Villager (Male) |
| 3:17 | Crear | Villager (Male) |
| 3:17 | Crear | Villager (Male) |
| 3:46 | Crear | Villager (Male) |
| 3:49 | Crear | Villager (Male) |
| 3:49 | Crear | Villager (Male) |
| 4:10 | Crear | Villager (Male) |
| 4:10 | Crear | Villager (Male) |
| 4:31 | Construir | House |
| 4:33 | Investigar | Loom |
| 4:43 | Crear | Villager (Male) |
| 5:19 | Crear | Villager (Male) |
| 5:20 | Crear | Villager (Male) |
| 6:23 | Crear | Villager (Male) |
| 6:31 | Construir | Mill |
| 6:44 | Crear | Villager (Male) |
| 7:13 | Construir | Barracks |
| 7:22 | Investigar | Feudal Age |
| 8:09 | Construir | Mining Camp |
| 8:20 | Construir | House |
| 8:28 | Construir | Palisade Wall |
| 9:32 | Edad | Edad Feudal |
| 9:33 | Crear | Villager (Male) |
| 9:35 | Construir | Stable |
| 9:55 | Crear | Villager (Male) |
| 10:01 | Construir | House |
| 10:03 | Construir | House |
| 10:08 | Investigar | Double-Bit Axe |
| 10:09 | Crear | Villager (Male) |
| 10:16 | Construir | Palisade Wall |
| 10:20 | Crear | Scout Cavalry |
| 10:20 | Crear | Scout Cavalry |
| 10:32 | Construir | Palisade Wall |
| 10:36 | Crear | Villager (Male) |
| 10:54 | Crear | Villager (Male) |
| 11:04 | Investigar | Horse Collar |
| 11:20 | Construir | Palisade Wall |
| 11:23 | Crear | Villager (Male) |
| 11:47 | Crear | Scout Cavalry |
| 11:49 | Crear | Villager (Male) |
| 12:06 | Construir | Farm |
| 12:09 | Construir | Farm |
| 12:10 | Construir | Farm |
| 12:16 | Construir | Farm |
| 12:17 | Crear | Villager (Male) |
| 12:39 | Construir | Farm |
| 12:42 | Construir | Farm |
| 12:45 | Crear | Scout Cavalry |
| 13:07 | Crear | Villager (Male) |
| 13:13 | Crear | Villager (Male) |
| 13:22 | Construir | Farm |
| 13:22 | Construir | Farm |
| 13:26 | Construir | Farm |
| 13:33 | Construir | Farm |
| 13:37 | Construir | Farm |
| 13:39 | Construir | Farm |
| 13:41 | Construir | Farm |
| 13:43 | Construir | Farm |
| 13:43 | Crear | Villager (Male) |
| 13:48 | Crear | Scout Cavalry |
| 13:54 | Construir | House |
| 13:55 | Construir | House |
| 14:07 | Construir | Farm |
| 14:10 | Construir | Farm |
| 14:12 | Crear | Villager (Male) |
| 14:20 | Construir | House |
| 14:43 | Crear | Villager (Male) |
| 14:45 | Crear | Scout Cavalry |
| 15:08 | Crear | Villager (Male) |
| 15:11 | Construir | House |
| 15:14 | Construir | Farm |
| 15:14 | Construir | Farm |
| 15:15 | Construir | Farm |
| 15:21 | Construir | Farm |
| 15:44 | Construir | Palisade Wall |
| 15:48 | Crear | Villager (Male) |
| 16:06 | Crear | Villager (Male) |
| 16:13 | Crear | Scout Cavalry |
| 16:13 | Crear | Scout Cavalry |
| 16:36 | Crear | Villager (Male) |
| 16:38 | Construir | Farm |
| 16:38 | Construir | Farm |
| 16:43 | Construir | Farm |
| 16:57 | Crear | Scout Cavalry |
| 17:14 | Crear | Scout Cavalry |
| 17:16 | Crear | Villager (Male) |
| 17:19 | Construir | Lumber Camp |
| 17:21 | Construir | House |
| 17:27 | Crear | Villager (Male) |
| 17:43 | Crear | Villager (Male) |
| 17:46 | Construir | Blacksmith |
| 17:51 | Construir | Blacksmith |
| 17:59 | Construir | Farm |
| 18:02 | Crear | Scout Cavalry |
| 18:26 | Crear | Villager (Male) |
| 18:52 | Crear | Villager (Male) |
| 18:54 | Construir | Mill |
| 18:55 | Construir | Farm |
| 18:55 | Construir | Farm |
| 18:55 | Construir | Farm |
| 18:56 | Construir | Farm |
| 18:56 | Construir | Farm |
| 18:58 | Construir | House |
| 18:59 | Construir | House |
| 19:15 | Crear | Villager (Male) |
| 19:18 | Crear | Scout Cavalry |
| 19:18 | Crear | Scout Cavalry |
| 19:47 | Crear | Scout Cavalry |
| 19:47 | Crear | Villager (Male) |
| 19:55 | Crear | Spearman |
| 19:55 | Crear | Spearman |
| 20:00 | Construir | House |
| 20:11 | Construir | House |
| 20:11 | Construir | Palisade Wall |
| 20:11 | Construir | Palisade Wall |
| 20:32 | Crear | Villager (Male) |
| 20:44 | Construir | House |
| 20:58 | Crear | Scout Cavalry |
| 20:58 | Crear | Scout Cavalry |
| 21:04 | Construir | Lumber Camp |
| 21:28 | Crear | Villager (Male) |
| 21:51 | Crear | Villager (Male) |
| 21:53 | Construir | House |
| 22:32 | Investigar | Castle Age |
| 22:46 | Construir | Archery Range |
| 23:02 | Construir | House |
| 23:03 | Construir | House |
| 23:04 | Construir | House |
| 23:04 | Construir | House |
| 23:04 | Construir | House |
| 23:04 | Construir | House |
| 23:04 | Construir | House |
| 23:05 | Construir | House |
| 23:05 | Construir | House |
Build order — RankS
Primeras 150 de 313 acciones detectadas
| 0:01 | Crear | Villager (Male) |
| 0:01 | Crear | Villager (Male) |
| 0:02 | Construir | House |
| 0:03 | Construir | House |
| 0:17 | Crear | Villager (Male) |
| 0:17 | Crear | Villager (Male) |
| 1:30 | Crear | Villager (Male) |
| 1:47 | Construir | Lumber Camp |
| 1:52 | Crear | Villager (Male) |
| 1:52 | Crear | Villager (Male) |
| 2:23 | Crear | Villager (Male) |
| 2:23 | Crear | Villager (Male) |
| 3:19 | Crear | Villager (Male) |
| 3:35 | Crear | Villager (Male) |
| 3:51 | Construir | House |
| 4:10 | Crear | Villager (Male) |
| 4:22 | Construir | House |
| 4:37 | Crear | Villager (Male) |
| 4:37 | Crear | Villager (Male) |
| 4:37 | Crear | Villager (Male) |
| 4:40 | Construir | Mill |
| 4:43 | Construir | Palisade Wall |
| 4:45 | Construir | Palisade Wall |
| 5:14 | Crear | Villager (Male) |
| 5:14 | Crear | Villager (Male) |
| 5:24 | Crear | Villager (Male) |
| 5:24 | Crear | Villager (Male) |
| 5:50 | Investigar | Loom |
| 6:23 | Crear | Villager (Male) |
| 6:55 | Construir | Barracks |
| 7:12 | Investigar | Feudal Age |
| 7:12 | Investigar | Feudal Age |
| 7:45 | Construir | House |
| 7:51 | Crear | Militia |
| 7:51 | Crear | Militia |
| 8:08 | Crear | Militia |
| 8:09 | Crear | Militia |
| 8:20 | Construir | Mining Camp |
| 9:00 | Crear | Militia |
| 9:00 | Crear | Militia |
| 9:20 | Crear | Villager (Male) |
| 9:22 | Edad | Edad Feudal |
| 9:27 | Construir | Archery Range |
| 9:28 | Crear | Villager (Male) |
| 9:46 | Construir | Farm |
| 9:47 | Construir | Farm |
| 9:48 | Crear | Villager (Male) |
| 9:49 | Crear | Villager (Male) |
| 9:49 | Crear | Villager (Male) |
| 10:16 | Crear | Skirmisher |
| 10:41 | Crear | Villager (Male) |
| 10:47 | Investigar | Man-at-Arms (upgrade) |
| 10:53 | Crear | Villager (Male) |
| 10:54 | Crear | Skirmisher |
| 10:58 | Construir | House |
| 11:08 | Construir | Farm |
| 11:09 | Construir | Farm |
| 11:16 | Crear | Villager (Male) |
| 11:45 | Crear | Villager (Male) |
| 11:58 | Crear | Archer |
| 12:00 | Crear | Villager (Male) |
| 12:02 | Construir | Farm |
| 12:04 | Construir | Farm |
| 12:15 | Investigar | Double-Bit Axe |
| 12:15 | Investigar | Double-Bit Axe |
| 12:21 | Crear | Villager (Male) |
| 12:21 | Crear | Villager (Male) |
| 12:29 | Construir | Palisade Wall |
| 12:39 | Crear | Skirmisher |
| 12:39 | Crear | Skirmisher |
| 12:51 | Crear | Villager (Male) |
| 13:16 | Crear | Villager (Male) |
| 13:17 | Construir | Farm |
| 13:24 | Crear | Skirmisher |
| 13:25 | Crear | Spearman |
| 13:30 | Construir | House |
| 13:31 | Construir | House |
| 13:36 | Crear | Villager (Male) |
| 13:50 | Construir | Farm |
| 14:10 | Construir | Palisade Wall |
| 14:13 | Construir | Farm |
| 14:14 | Crear | Villager (Male) |
| 14:18 | Crear | Spearman |
| 14:36 | Construir | Farm |
| 14:51 | Construir | House |
| 14:53 | Construir | House |
| 15:07 | Crear | Villager (Male) |
| 15:07 | Crear | Villager (Male) |
| 15:18 | Crear | Skirmisher |
| 15:19 | Crear | Skirmisher |
| 15:37 | Construir | Palisade Wall |
| 15:42 | Crear | Spearman |
| 15:51 | Construir | Palisade Wall |
| 15:54 | Construir | Palisade Wall |
| 15:57 | Construir | Palisade Wall |
| 16:16 | Crear | Villager (Male) |
| 16:39 | Construir | House |
| 16:41 | Crear | Villager (Male) |
| 16:43 | Crear | Villager (Male) |
| 16:45 | Construir | Farm |
| 16:45 | Construir | Farm |
| 16:45 | Construir | Farm |
| 16:45 | Construir | Farm |
| 16:45 | Construir | Farm |
| 16:52 | Crear | Villager (Male) |
| 17:09 | Construir | Farm |
| 17:10 | Crear | Villager (Male) |
| 17:13 | Construir | Farm |
| 17:19 | Construir | Farm |
| 17:20 | Construir | Farm |
| 17:22 | Construir | Farm |
| 17:43 | Construir | Stable |
| 17:49 | Investigar | Wheelbarrow |
| 17:49 | Investigar | Wheelbarrow |
| 18:13 | Crear | Villager (Male) |
| 18:36 | Crear | Spearman |
| 18:37 | Crear | Spearman |
| 18:37 | Crear | Spearman |
| 18:39 | Crear | Skirmisher |
| 18:39 | Crear | Skirmisher |
| 18:40 | Crear | Skirmisher |
| 18:48 | Construir | Palisade Gate |
| 18:50 | Construir | Palisade Wall |
| 18:57 | Crear | Skirmisher |
| 18:59 | Crear | Villager (Male) |
| 19:19 | Construir | Blacksmith |
| 19:33 | Investigar | Castle Age |
| 19:44 | Construir | Stable |
| 19:50 | Construir | Palisade Wall |
| 19:55 | Crear | Skirmisher |
| 19:56 | Crear | Skirmisher |
| 20:06 | Investigar | Scale Barding Armor |
| 20:18 | Investigar | Gold Mining |
| 20:18 | Investigar | Gold Mining |
| 21:31 | Investigar | Forging |
| 21:31 | Investigar | Forging |
| 22:04 | Investigar | Town Watch |
| 22:04 | Investigar | Town Watch |
| 22:08 | Crear | Villager (Male) |
| 22:17 | Edad | Edad de los Castillos |
| 22:18 | Investigar | Padded Archer Armor |
| 22:20 | Crear | Knight |
| 22:20 | Crear | Knight |
| 22:22 | Crear | Villager (Male) |
| 22:26 | Construir | Town Center |
| 22:47 | Investigar | Chain Barding Armor |
| 22:47 | Investigar | Chain Barding Armor |
| 22:48 | Crear | Villager (Male) |
| 22:49 | Crear | Villager (Male) |
| 22:51 | Construir | Lumber Camp |
Build order — [KT]CondorAndino
Primeras 150 de 302 acciones detectadas
| 0:02 | Crear | Villager (Male) |
| 0:02 | Crear | Villager (Male) |
| 0:03 | Crear | Villager (Male) |
| 0:04 | Construir | House |
| 0:05 | Construir | House |
| 0:08 | Crear | Villager (Male) |
| 1:32 | Crear | Villager (Male) |
| 1:32 | Crear | Villager (Male) |
| 1:59 | Crear | Villager (Male) |
| 2:03 | Construir | Lumber Camp |
| 2:12 | Crear | Villager (Male) |
| 2:42 | Crear | Villager (Male) |
| 3:03 | Crear | Villager (Male) |
| 3:28 | Construir | House |
| 3:37 | Crear | Villager (Male) |
| 3:44 | Construir | House |
| 4:03 | Crear | Villager (Male) |
| 4:36 | Crear | Villager (Male) |
| 4:36 | Crear | Villager (Male) |
| 5:16 | Crear | Villager (Male) |
| 5:17 | Crear | Villager (Male) |
| 5:46 | Crear | Villager (Male) |
| 5:46 | Crear | Villager (Male) |
| 6:05 | Construir | Mill |
| 6:27 | Investigar | Loom |
| 7:10 | Investigar | Feudal Age |
| 7:41 | Construir | Barracks |
| 7:44 | Construir | Mining Camp |
| 7:49 | Crear | Villager (Male) |
| 9:20 | Edad | Edad Feudal |
| 9:22 | Construir | Archery Range |
| 9:25 | Construir | Archery Range |
| 9:30 | Crear | Spearman |
| 9:33 | Investigar | Double-Bit Axe |
| 9:34 | Crear | Villager (Male) |
| 9:41 | Construir | Palisade Wall |
| 9:44 | Construir | Palisade Wall |
| 9:47 | Construir | Palisade Gate |
| 9:49 | Construir | Palisade Wall |
| 9:58 | Crear | Villager (Male) |
| 10:26 | Crear | Archer |
| 10:30 | Construir | Palisade Gate |
| 10:34 | Crear | Archer |
| 10:34 | Crear | Archer |
| 10:47 | Construir | House |
| 11:12 | Crear | Villager (Male) |
| 11:14 | Construir | House |
| 11:16 | Crear | Archer |
| 11:35 | Construir | Farm |
| 11:35 | Crear | Villager (Male) |
| 11:40 | Crear | Archer |
| 11:54 | Construir | Blacksmith |
| 11:57 | Crear | Villager (Male) |
| 12:03 | Crear | Archer |
| 12:20 | Construir | House |
| 12:23 | Construir | Palisade Wall |
| 12:28 | Crear | Villager (Male) |
| 12:35 | Crear | Archer |
| 12:35 | Crear | Archer |
| 12:43 | Construir | Farm |
| 12:46 | Crear | Archer |
| 12:59 | Construir | Palisade Wall |
| 13:08 | Construir | Palisade Wall |
| 13:10 | Construir | Palisade Wall |
| 13:17 | Construir | Farm |
| 13:33 | Investigar | Fletching |
| 13:33 | Investigar | Fletching |
| 13:36 | Construir | Farm |
| 13:46 | Crear | Archer |
| 13:46 | Crear | Archer |
| 14:00 | Crear | Villager (Male) |
| 14:02 | Crear | Archer |
| 14:22 | Construir | Farm |
| 14:26 | Construir | Farm |
| 14:29 | Crear | Villager (Male) |
| 14:30 | Crear | Archer |
| 14:35 | Construir | House |
| 14:59 | Construir | Farm |
| 15:00 | Crear | Spearman |
| 15:07 | Construir | Farm |
| 15:08 | Construir | Farm |
| 15:19 | Crear | Villager (Male) |
| 15:19 | Crear | Villager (Male) |
| 15:28 | Crear | Archer |
| 15:29 | Crear | Archer |
| 15:49 | Investigar | Town Watch |
| 15:50 | Crear | Archer |
| 15:55 | Construir | House |
| 16:07 | Crear | Archer |
| 16:22 | Crear | Villager (Male) |
| 16:50 | Crear | Villager (Male) |
| 16:53 | Construir | Market |
| 16:56 | Construir | House |
| 17:13 | Crear | Villager (Male) |
| 17:15 | Construir | House |
| 17:46 | Crear | Villager (Male) |
| 17:48 | Construir | Farm |
| 17:49 | Construir | Farm |
| 18:19 | Crear | Villager (Male) |
| 18:42 | Investigar | Castle Age |
| 18:46 | Construir | House |
| 18:49 | Construir | Palisade Wall |
| 18:56 | Construir | Palisade Wall |
| 19:09 | Crear | Archer |
| 19:10 | Crear | Archer |
| 19:11 | Investigar | Gold Mining |
| 19:31 | Crear | Archer |
| 19:31 | Crear | Archer |
| 19:35 | Investigar | Padded Archer Armor |
| 19:47 | Construir | Lumber Camp |
| 20:04 | Crear | Archer |
| 20:05 | Crear | Archer |
| 20:26 | Construir | Palisade Wall |
| 20:42 | Crear | Archer |
| 20:42 | Crear | Archer |
| 21:24 | Edad | Edad de los Castillos |
| 21:27 | Investigar | Crossbowman (upgrade) |
| 21:27 | Investigar | Crossbowman (upgrade) |
| 21:39 | Crear | Villager (Male) |
| 21:40 | Investigar | Bodkin Arrow |
| 21:52 | Construir | University |
| 22:12 | Crear | Villager (Male) |
| 22:20 | Crear | Archer |
| 22:20 | Crear | Archer |
| 22:34 | Crear | Villager (Male) |
| 22:39 | Construir | Farm |
| 22:40 | Construir | Farm |
| 22:42 | Investigar | Horse Collar |
| 22:47 | Crear | Archer |
| 22:47 | Crear | Archer |
| 22:47 | Crear | Archer |
| 22:58 | Construir | House |
| 23:04 | Crear | Villager (Male) |
| 23:06 | Investigar | Ballistics |
| 23:07 | Investigar | Ballistics |
| 23:17 | Crear | Villager (Male) |
| 23:27 | Crear | Archer |
| 23:27 | Crear | Archer |
| 24:00 | Crear | Villager (Male) |
| 24:02 | Crear | Archer |
| 24:02 | Crear | Archer |
| 24:26 | Crear | Archer |
| 24:26 | Crear | Archer |
| 24:26 | Crear | Archer |
| 24:28 | Crear | Villager (Male) |
| 24:31 | Construir | House |
| 24:37 | Crear | Archer |
| 24:37 | Crear | Archer |
| 24:52 | Crear | Villager (Male) |
| 24:56 | Construir | Siege Workshop |
Build order — RD | Frostwhispers
Primeras 150 de 298 acciones detectadas
| 0:00 | Crear | Villager (Male) |
| 0:00 | Crear | Villager (Male) |
| 0:01 | Crear | Villager (Male) |
| 0:02 | Construir | House |
| 0:03 | Construir | House |
| 0:04 | Crear | Villager (Male) |
| 1:23 | Crear | Villager (Male) |
| 1:24 | Crear | Villager (Male) |
| 1:50 | Crear | Villager (Male) |
| 1:58 | Construir | Lumber Camp |
| 2:16 | Crear | Villager (Male) |
| 2:17 | Crear | Villager (Male) |
| 2:40 | Crear | Villager (Male) |
| 2:40 | Crear | Villager (Male) |
| 3:09 | Crear | Villager (Male) |
| 3:09 | Crear | Villager (Male) |
| 3:26 | Construir | House |
| 3:32 | Crear | Villager (Male) |
| 3:32 | Crear | Villager (Male) |
| 4:00 | Crear | Villager (Male) |
| 4:26 | Crear | Villager (Male) |
| 4:29 | Construir | Mill |
| 4:43 | Crear | Villager (Male) |
| 5:23 | Crear | Villager (Male) |
| 5:35 | Investigar | Loom |
| 6:12 | Investigar | Feudal Age |
| 7:24 | Construir | Barracks |
| 7:38 | Construir | House |
| 7:46 | Crear | Villager (Male) |
| 8:06 | Construir | Palisade Gate |
| 8:10 | Construir | Palisade Gate |
| 8:25 | Edad | Edad Feudal |
| 8:27 | Construir | Stable |
| 8:36 | Investigar | Double-Bit Axe |
| 8:37 | Crear | Villager (Male) |
| 9:05 | Crear | Spearman |
| 9:07 | Investigar | Horse Collar |
| 9:09 | Crear | Villager (Male) |
| 9:15 | Construir | House |
| 9:17 | Crear | Scout Cavalry |
| 9:36 | Crear | Scout Cavalry |
| 9:41 | Construir | Farm |
| 9:49 | Construir | House |
| 9:54 | Crear | Villager (Male) |
| 9:58 | Construir | House |
| 10:09 | Crear | Villager (Male) |
| 10:11 | Construir | Farm |
| 10:36 | Crear | Villager (Male) |
| 10:36 | Crear | Villager (Male) |
| 10:38 | Construir | Archery Range |
| 10:56 | Crear | Villager (Male) |
| 11:09 | Construir | Farm |
| 11:12 | Construir | Farm |
| 11:14 | Crear | Villager (Male) |
| 11:24 | Construir | House |
| 11:28 | Crear | Scout Cavalry |
| 11:45 | Crear | Skirmisher |
| 11:45 | Crear | Skirmisher |
| 11:57 | Crear | Villager (Male) |
| 12:00 | Construir | Palisade Wall |
| 12:09 | Crear | Villager (Male) |
| 12:15 | Construir | Palisade Wall |
| 12:16 | Construir | Palisade Wall |
| 12:24 | Construir | Palisade Wall |
| 12:24 | Crear | Skirmisher |
| 12:24 | Crear | Skirmisher |
| 12:31 | Crear | Villager (Male) |
| 12:48 | Construir | Farm |
| 12:55 | Crear | Spearman |
| 13:01 | Construir | House |
| 13:03 | Construir | House |
| 13:09 | Construir | Palisade Gate |
| 13:13 | Crear | Villager (Male) |
| 13:18 | Crear | Skirmisher |
| 13:26 | Construir | Farm |
| 13:35 | Construir | House |
| 13:40 | Construir | Palisade Wall |
| 13:43 | Crear | Villager (Male) |
| 13:45 | Construir | Farm |
| 14:00 | Crear | Villager (Male) |
| 14:06 | Construir | Lumber Camp |
| 14:19 | Crear | Skirmisher |
| 14:19 | Crear | Skirmisher |
| 14:29 | Crear | Villager (Male) |
| 14:45 | Crear | Skirmisher |
| 14:46 | Construir | House |
| 14:57 | Construir | Farm |
| 15:01 | Construir | House |
| 15:03 | Crear | Villager (Male) |
| 15:18 | Construir | Palisade Wall |
| 15:19 | Crear | Skirmisher |
| 15:29 | Construir | House |
| 15:29 | Crear | Villager (Male) |
| 15:41 | Construir | Farm |
| 15:48 | Crear | Villager (Male) |
| 15:55 | Construir | Blacksmith |
| 15:58 | Crear | Skirmisher |
| 16:07 | Construir | Farm |
| 16:14 | Crear | Villager (Male) |
| 16:24 | Construir | Farm |
| 16:27 | Construir | Farm |
| 16:27 | Crear | Villager (Male) |
| 16:30 | Crear | Skirmisher |
| 16:40 | Construir | Farm |
| 16:59 | Construir | Mining Camp |
| 17:01 | Investigar | Fletching |
| 17:03 | Crear | Skirmisher |
| 17:11 | Crear | Villager (Male) |
| 17:20 | Construir | Farm |
| 17:28 | Crear | Skirmisher |
| 17:38 | Crear | Villager (Male) |
| 17:40 | Construir | Watch Tower |
| 17:41 | Crear | Skirmisher |
| 17:48 | Construir | Farm |
| 17:59 | Investigar | Padded Archer Armor |
| 18:07 | Crear | Scout Cavalry |
| 18:29 | Crear | Villager (Male) |
| 18:29 | Crear | Villager (Male) |
| 18:36 | Construir | Farm |
| 18:43 | Construir | Farm |
| 19:08 | Crear | Villager (Male) |
| 19:33 | Construir | Market |
| 19:47 | Crear | Villager (Male) |
| 20:00 | Crear | Villager (Male) |
| 20:39 | Crear | Villager (Male) |
| 20:42 | Construir | Farm |
| 21:25 | Investigar | Castle Age |
| 21:37 | Construir | Archery Range |
| 21:40 | Crear | Skirmisher |
| 21:47 | Investigar | Stone Mining |
| 21:47 | Investigar | Stone Mining |
| 21:49 | Crear | Skirmisher |
| 22:17 | Crear | Skirmisher |
| 22:30 | Crear | Skirmisher |
| 22:37 | Crear | Skirmisher |
| 22:50 | Crear | Skirmisher |
| 22:57 | Crear | Villager (Male) |
| 22:59 | Crear | Skirmisher |
| 23:01 | Crear | Skirmisher |
| 23:18 | Construir | Farm |
| 23:27 | Crear | Villager (Male) |
| 24:03 | Crear | Villager (Male) |
| 24:05 | Edad | Edad de los Castillos |
| 24:07 | Investigar | Elite Skirmisher (upgrade) |
| 24:07 | Investigar | Elite Skirmisher (upgrade) |
| 24:08 | Investigar | Bodkin Arrow |
| 24:08 | Investigar | Bodkin Arrow |
| 24:18 | Investigar | Leather Archer Armor |
| 24:22 | Crear | Villager (Male) |
| 24:25 | Crear | Villager (Male) |
Build order — BSC | Tortuga
Primeras 150 de 242 acciones detectadas
| 0:02 | Crear | Villager (Male) ×4 |
| 0:04 | Construir | House |
| 0:06 | Construir | House |
| 1:29 | Crear | Villager (Male) |
| 1:30 | Crear | Villager (Male) |
| 1:30 | Crear | Villager (Male) |
| 1:52 | Construir | Lumber Camp |
| 2:07 | Crear | Villager (Male) |
| 2:21 | Crear | Villager (Male) |
| 2:22 | Crear | Villager (Male) |
| 3:00 | Crear | Villager (Male) |
| 3:01 | Crear | Villager (Male) |
| 3:26 | Crear | Villager (Male) |
| 3:26 | Crear | Villager (Male) |
| 3:42 | Crear | Villager (Male) |
| 3:42 | Crear | Villager (Male) |
| 3:42 | Crear | Villager (Male) |
| 4:02 | Construir | House |
| 4:16 | Crear | Villager (Male) |
| 4:16 | Crear | Villager (Male) |
| 4:16 | Crear | Villager (Male) |
| 4:16 | Crear | Villager (Male) |
| 5:05 | Construir | Mill |
| 5:07 | Crear | Villager (Male) |
| 5:07 | Crear | Villager (Male) |
| 5:08 | Crear | Villager (Male) |
| 6:01 | Investigar | Loom |
| 7:00 | Investigar | Feudal Age |
| 7:21 | Construir | Barracks |
| 8:50 | Construir | House |
| 9:10 | Edad | Edad Feudal |
| 9:13 | Crear | Villager (Male) |
| 9:13 | Crear | Villager (Male) |
| 9:17 | Construir | Archery Range |
| 9:21 | Crear | Spearman |
| 9:46 | Crear | Villager (Male) |
| 9:47 | Crear | Villager (Male) |
| 10:25 | Crear | Archer |
| 10:25 | Crear | Archer |
| 10:32 | Construir | House |
| 10:34 | Crear | Villager (Male) |
| 10:34 | Crear | Villager (Male) |
| 11:14 | Crear | Villager (Male) |
| 11:46 | Construir | Farm |
| 11:58 | Crear | Villager (Male) |
| 12:03 | Construir | Mining Camp |
| 12:24 | Investigar | Double-Bit Axe |
| 12:24 | Investigar | Double-Bit Axe |
| 12:25 | Investigar | Double-Bit Axe |
| 12:40 | Crear | Villager (Male) |
| 12:40 | Crear | Villager (Male) |
| 12:42 | Crear | Villager (Male) |
| 12:45 | Construir | Farm |
| 13:19 | Construir | Farm |
| 13:22 | Crear | Archer |
| 13:22 | Crear | Archer |
| 13:28 | Crear | Villager (Male) |
| 13:28 | Crear | Villager (Male) |
| 13:33 | Construir | House |
| 13:59 | Construir | Palisade Wall |
| 14:04 | Construir | Palisade Wall |
| 14:10 | Construir | Blacksmith |
| 14:14 | Crear | Archer |
| 14:14 | Crear | Archer |
| 14:15 | Crear | Archer |
| 14:23 | Crear | Spearman |
| 14:44 | Construir | House |
| 14:46 | Construir | Palisade Wall |
| 15:03 | Construir | Farm |
| 15:04 | Investigar | Fletching |
| 15:04 | Investigar | Fletching |
| 15:06 | Crear | Archer |
| 15:07 | Crear | Archer |
| 15:12 | Construir | House |
| 15:19 | Crear | Villager (Male) |
| 15:19 | Crear | Villager (Male) |
| 15:20 | Crear | Villager (Male) |
| 15:46 | Construir | Palisade Wall |
| 15:49 | Construir | Farm |
| 16:03 | Crear | Archer |
| 16:04 | Crear | Villager (Male) |
| 16:05 | Crear | Villager (Male) |
| 16:08 | Investigar | Padded Archer Armor |
| 16:26 | Construir | Farm |
| 16:28 | Crear | Archer |
| 16:36 | Construir | Lumber Camp |
| 16:46 | Construir | Archery Range |
| 16:57 | Construir | Palisade Wall |
| 17:08 | Construir | Farm |
| 17:18 | Crear | Archer |
| 17:24 | Construir | House |
| 17:25 | Construir | House |
| 17:26 | Construir | House |
| 17:29 | Construir | Palisade Wall |
| 17:40 | Crear | Villager (Male) |
| 17:40 | Crear | Villager (Male) |
| 17:41 | Crear | Villager (Male) |
| 17:51 | Crear | Archer |
| 17:51 | Crear | Archer |
| 17:57 | Construir | House |
| 18:01 | Construir | Palisade Wall |
| 18:03 | Construir | House |
| 18:48 | Construir | Farm |
| 18:50 | Crear | Villager (Male) |
| 18:50 | Crear | Villager (Male) |
| 19:01 | Crear | Archer |
| 19:01 | Crear | Archer |
| 19:01 | Crear | Archer |
| 19:02 | Crear | Archer |
| 19:04 | Construir | Farm |
| 19:21 | Construir | House |
| 19:24 | Construir | Palisade Wall |
| 19:28 | Construir | Farm |
| 19:45 | Construir | Palisade Wall |
| 19:51 | Crear | Villager (Male) |
| 19:51 | Crear | Villager (Male) |
| 19:53 | Construir | Farm |
| 19:58 | Construir | Mining Camp |
| 20:25 | Construir | Farm |
| 20:29 | Investigar | Wheelbarrow |
| 20:51 | Construir | Farm |
| 20:57 | Construir | House |
| 21:12 | Construir | Market |
| 21:36 | Crear | Archer |
| 21:36 | Crear | Archer |
| 21:47 | Construir | Palisade Gate |
| 21:56 | Crear | Archer |
| 22:05 | Investigar | Castle Age |
| 22:22 | Crear | Archer |
| 22:22 | Crear | Archer |
| 22:22 | Crear | Archer |
| 22:49 | Investigar | Horse Collar |
| 22:50 | Investigar | Horse Collar |
| 23:01 | Crear | Archer |
| 23:01 | Crear | Archer |
| 23:13 | Construir | House |
| 23:26 | Construir | Watch Tower |
| 23:33 | Crear | Archer |
| 23:33 | Crear | Archer |
| 23:39 | Construir | House |
| 23:48 | Construir | House |
| 24:03 | Construir | House |
| 24:19 | Construir | House |
| 24:26 | Construir | House |
| 24:29 | Construir | House |
| 24:45 | Edad | Edad de los Castillos |
| 24:51 | Investigar | Crossbowman (upgrade) |
| 25:00 | Construir | Siege Workshop |
| 25:05 | Investigar | Bodkin Arrow |
| 25:05 | Investigar | Bodkin Arrow |
Cronología de la partida
| 4:43 | RankS · wall_segment Palisade Wall x7 |
| 4:45 | RankS · wall_segment Palisade Wall x8 |
| 5:12 | TROYITA · wall_segment Palisade Wall x1 |
| 6:55 | RankS · first_building Barracks |
| 7:13 | BSV | Ateo con Fé · first_building Barracks |
| 7:21 | BSC | Tortuga · first_building Barracks |
| 7:24 | RD | Frostwhispers · first_building Barracks |
| 7:41 | [KT]CondorAndino · first_building Barracks |
| 8:25 | RD | Frostwhispers · age_up feudal |
| 8:27 | RD | Frostwhispers · first_building Stable |
| 8:28 | TROYITA · first_building Barracks |
| 8:28 | BSV | Ateo con Fé · wall_segment Palisade Wall x5 |
| 8:58 | TROYITA · wall_segment Palisade Wall x4 |
| 9:10 | BSC | Tortuga · age_up feudal |
| 9:16 | TROYITA · age_up feudal |
| 9:17 | BSC | Tortuga · first_building Archery Range |
| 9:20 | [KT]CondorAndino · age_up feudal |
| 9:21 | TROYITA · first_building Stable |
| 9:22 | RankS · age_up feudal |
| 9:22 | [KT]CondorAndino · first_building Archery Range |
| 9:27 | RankS · first_building Archery Range |
| 9:32 | BSV | Ateo con Fé · age_up feudal |
| 9:35 | BSV | Ateo con Fé · first_building Stable |
| 9:41 | [KT]CondorAndino · wall_segment Palisade Wall x1 |
| 9:44 | [KT]CondorAndino · wall_segment Palisade Wall x4 |
| 9:49 | [KT]CondorAndino · wall_segment Palisade Wall x2 |
| 10:16 | BSV | Ateo con Fé · wall_segment Palisade Wall x5 |
| 10:32 | BSV | Ateo con Fé · wall_segment Palisade Wall x1 |
| 10:38 | RD | Frostwhispers · first_building Archery Range |
| 10:57 | TROYITA · wall_segment Palisade Wall x4 |
| 11:20 | BSV | Ateo con Fé · wall_segment Palisade Wall x11 |
| 11:29 | TROYITA · wall_segment Palisade Wall x2 |
| 11:32 | TROYITA · wall_segment Palisade Wall x5 |
| 12:00 | RD | Frostwhispers · wall_segment Palisade Wall x7 |
| 12:15 | RD | Frostwhispers · wall_segment Palisade Wall x10 |
| 12:16 | RD | Frostwhispers · wall_segment Palisade Wall x6 |
| 12:23 | [KT]CondorAndino · wall_segment Palisade Wall x1 |
| 12:24 | RD | Frostwhispers · wall_segment Palisade Wall x12 |
| 12:29 | RankS · wall_segment Palisade Wall x8 |
| 12:37 | TROYITA · wall_segment Palisade Wall x4 |
| 12:40 | TROYITA · wall_segment Palisade Wall x5 |
| 12:59 | [KT]CondorAndino · wall_segment Palisade Wall x2 |
| 13:08 | [KT]CondorAndino · wall_segment Palisade Wall x6 |
| 13:10 | [KT]CondorAndino · wall_segment Palisade Wall x1 |
| 13:40 | RD | Frostwhispers · wall_segment Palisade Wall x2 |
| 13:59 | BSC | Tortuga · wall_segment Palisade Wall x3 |
| 14:04 | BSC | Tortuga · wall_segment Palisade Wall x10 |
| 14:05 | TROYITA · wall_segment Palisade Wall x2 |
| 14:10 | RankS · wall_segment Palisade Wall x5 |
| 14:46 | BSC | Tortuga · wall_segment Palisade Wall x4 |
| 15:12 | TROYITA · wall_segment Palisade Wall x5 |
| 15:18 | RD | Frostwhispers · wall_segment Palisade Wall x1 |
| 15:37 | RankS · wall_segment Palisade Wall x5 |
| 15:44 | BSV | Ateo con Fé · wall_segment Palisade Wall x10 |
| 15:46 | BSC | Tortuga · wall_segment Palisade Wall x4 |
| 15:51 | RankS · wall_segment Palisade Wall x1 |
| 15:54 | RankS · wall_segment Palisade Wall x1 |
| 15:57 | RankS · wall_segment Palisade Wall x1 |
| 16:57 | BSC | Tortuga · wall_segment Palisade Wall x14 |
| 17:29 | BSC | Tortuga · wall_segment Palisade Wall x1 |
| 17:43 | RankS · first_building Stable |
| 18:01 | BSC | Tortuga · wall_segment Palisade Wall x5 |
| 18:21 | [KT]CondorAndino · first_market_sell 500 stone |
| 18:23 | [KT]CondorAndino · first_market_buy 100 food |
| 18:49 | [KT]CondorAndino · wall_segment Palisade Wall x4 |
| 18:50 | RankS · wall_segment Palisade Wall x1 |
| 18:55 | TROYITA · wall_segment Palisade Wall x1 |
| 18:56 | [KT]CondorAndino · wall_segment Palisade Wall x6 |
| 19:24 | BSC | Tortuga · wall_segment Palisade Wall x8 |
| 19:45 | BSC | Tortuga · wall_segment Palisade Wall x1 |
| 19:50 | RankS · wall_segment Palisade Wall x1 |
| 19:54 | TROYITA · first_market_buy 100 food |
| 19:57 | TROYITA · first_market_sell 100 wood |
| 20:11 | BSV | Ateo con Fé · wall_segment Palisade Wall x2 |
| 20:11 | BSV | Ateo con Fé · wall_segment Palisade Wall x1 |
| 20:26 | [KT]CondorAndino · wall_segment Palisade Wall x1 |
| 21:24 | [KT]CondorAndino · age_up castle |
| 21:24 | RD | Frostwhispers · first_market_buy 100 food |
| 22:17 | RankS · age_up castle |
| 22:40 | TROYITA · age_up castle |
| 22:46 | BSV | Ateo con Fé · first_building Archery Range |
| 23:58 | RankS · first_building Monastery |
| 24:05 | RD | Frostwhispers · age_up castle |
| 24:45 | BSC | Tortuga · age_up castle |
| 24:56 | [KT]CondorAndino · first_building Siege Workshop |
| 25:00 | BSC | Tortuga · first_building Siege Workshop |
| 25:12 | BSV | Ateo con Fé · age_up castle |
| 25:20 | RD | Frostwhispers · wall_segment Palisade Wall x1 |
| 25:54 | BSV | Ateo con Fé · wall_segment Palisade Wall x1 |
| 25:54 | BSV | Ateo con Fé · wall_segment Palisade Wall x1 |
| 25:58 | BSV | Ateo con Fé · wall_segment Palisade Wall x1 |
| 26:39 | TROYITA · first_building Castle |
| 27:04 | RankS · first_building Siege Workshop |
| 27:33 | BSC | Tortuga · first_market_sell 100 food |
| 28:18 | BSC | Tortuga · first_building Castle |
| 30:16 | TROYITA · wall_segment Palisade Wall x9 |
| 30:19 | TROYITA · wall_segment Palisade Wall x2 |
| 30:56 | RD | Frostwhispers · first_building Castle |
| 31:44 | RankS · first_building Castle |
| 32:16 | RankS · first_market_buy 100 wood |
| 32:19 | RD | Frostwhispers · wall_segment Palisade Wall x8 |
| 33:12 | RD | Frostwhispers · wall_segment Palisade Wall x1 |
| 35:51 | [KT]CondorAndino · first_building Monastery |
| 36:40 | RankS · age_up imperial |
| 36:58 | RD | Frostwhispers · resign |
[ ANÁLISIS IA · 1 CRÉDITO ]
¿Qué pasó realmente en esta partida?
Wolo.gg analiza cada decisión: build order, eco, micro, errores típicos por bracket. Análisis personalizado por WhatsApp o Discord en 30 segundos.
Guía civ
Birmanos
Perfil
Jugador #5248290